AoeStats
← MurderHoles

Nomad

510827166Analyzed
2v2 RM · 11h ago on Oct 2, 2026· 52m 46s· 4 players
Game mode
Random Map
Map size
176×176
Population
200
Speed
Normal
Resources
Standard
Victory
Conquest
Starting age
Dark Age
Ending age
Imperial Age
RankedLock teamsTeams togetherTeam positionsShared explorationLock speedFull tech treeHidden civsTurbo modeCheats
Victory
Defeat
🇺🇸 Varangians · United States
1038
+16
🇺🇸 Varangians · United States
1029
+16
🇸🇰 Varangians · Slovakia
1105
-19
🇸🇰 Italians · Slovakia
950
-13
DieHard
6:15 Loom
14:23 Feudal Age
16:11 Double-Bit Axe
23:03 Castle Age
23:25 Wheelbarrow
22:32 Horse Collar
22:23 Man-at-Arms
23:40 Stone Mining
24:27 Medium Warships
26:54 Pikeman
29:56 Bow Saw
35:36 Hand Cart
36:43 Heavy Plow
37:09 Bloodlines
38:28 Husbandry
44:30 Imperial Age
43:28 Vendel Legacy
44:35 Capped Ram
45:50 Fervor
46:14 Conscription
46:07 Cavalier
47:23 Scale Barding Armor
WoWMatus
15:15 Feudal Age
16:10 Fishing Lines
20:07 Wheelbarrow
19:43 Town Watch
22:37 Castle Age
23:23 Fletching
23:36 Padded Archer Armor
23:29 Pikeman
25:26 Medium Warships
25:11 Gillnets
25:23 Bodkin Arrow
25:46 Squires
25:48 Gold Mining
25:45 Double-Bit Axe
30:39 Loom
32:39 Crossbowman
36:33 Masonry
36:26 Murder Holes
36:42 Masonry
42:42 Horse Collar
43:16 Bow Saw
46:42 Coinage
MurderHoles
7:07 Loom
14:28 Feudal Age
18:27 Bloodlines
21:50 Castle Age
31:49 Horse Collar
32:02 Double-Bit Axe
33:54 Fletching
37:06 Gold Mining
38:56 Gambesons
39:33 Squires
44:23 Imperial Age
43:01 Bow Saw
42:39 Arson
43:27 Forging
43:18 Scale Mail Armor
45:03 Wheelbarrow
46:07 Conscription
45:34 Capped Ram
49:40 Pikeman
SpacemanSpiff
3:40 Loom
16:42 Feudal Age
23:33 Castle Age
22:49 Scale Barding Armor
22:58 Bloodlines
23:20 Forging
23:34 Gold Mining
24:38 Husbandry
25:17 Iron Casting
24:32 Town Watch
26:51 Fletching
29:10 Scale Mail Armor
31:39 Wheelbarrow
34:13 Hand Cart
36:36 Fishing Lines
37:27 Bodkin Arrow
39:58 Gillnets
41:32 Arson
42:38 Horse Collar
45:46 Town Patrol
45:40 Stone Mining
46:40 Medium Warships
46:44 Double-Bit Axe
47:02 Heavy Plow
48:58 Chain Barding Armor
49:49 Squires
52:27 Imperial Age
50:13 Bow Saw
51:26 Chain Mail Armor
52:34 Padded Archer Armor
52:32 Elite Skirmisher
Connection lost

Rejoining the realm…

Still unreachable

The connection could not be restored.

Session expired

The server has moved on; the page needs a fresh start.